 Dungeon Crawl Stone Soup version 0.21.1-1-g345015fe64 (webtiles) character file.

114 Oravi the Changer (level 4, -22/32 HPs)
             Began as a Merfolk Transmuter on Apr 16, 2018.
             Annihilated by an orc warrior
             ... wielding a +0 flail
              (25 damage)
             ... on level 3 of the Dungeon.
             The game lasted 00:04:50 (2431 turns).

Oravi the Changer (Merfolk Transmuter)              Turns: 2431, Time: 00:04:53

Health: -22/32     AC:  3    Str: 10    XL:     4   Next: 97%
Magic:  4/7        EV: 13    Int: 13    God:
Gold:   84         SH:  0    Dex: 14    Spells: 1/7 levels left

rFire    . . .     SeeInvis .     - Unarmed
rCold    . . .     Gourm    .   (no shield)
rNeg     . . .     Faith    .   b - +0 robe
rPois    .         Spirit   .   (no helmet)
rElec    .         Reflect  .   (no cloak)
rCorr    .         Harm     .   e - +0 pair of gloves
MR       .....                  (no boots)
Stlth    +.........             (no amulet)
HPRegen  0.10/turn              (no ring)
MPRegen  0.10/turn              (no ring)

@: no status effects
A: change form in water, swift swim, stealthy swim
a: no special abilities


You were on level 3 of the Dungeon.
You were not hungry.

You visited 1 branch of the dungeon, and saw 3 of its levels.

You collected 84 gold pieces.

Inventory:

Missiles
 a - 10 arrows
Armour
 b - a +0 robe (worn)
 e - a +0 pair of gloves (worn)
Potions
 h - a potion of lignification {unknown}
Books
 c - a book of Changes

   Spells                             Type                      Level
   a - Beastly Appendage              Transmutation                1
   b - Sticks to Snakes               Transmutation                2
   c - Spider Form                    Transmutation/Poison         3
   d - Ice Form                       Ice/Transmutation            4
   e - Blade Hands                    Transmutation                5
Comestibles
 d - 4 rations


   Skills:
 + Level 1.5 Fighting
 + Level 3.2 Dodging
 + Level 4.1 Unarmed Combat
 - Level 2.0 Spellcasting
 * Level 4.9 Transmutations
 * Level 1.1 Poison Magic


You had one spell level left.
You knew the following spells:

 Your Spells              Type           Power        Failure   Level  Hunger
a - Beastly Appendage     Tmut           ##....       3%          1    ##.....
b - Sticks to Snakes      Tmut           ##......     4%          2    ###....
c - Spider Form           Tmut/Pois      #.........   22%         3    ####...


Dungeon Overview and Level Annotations

Branches:
Dungeon (3/15)

Altars:
Ashenzari
Wu Jian

Annotations:
D:3 Thargor's ghost, amateur DsBe


Message History

You hit the orc warrior.
The orc warrior is poisoned.
The orc warrior is lightly wounded.
You kill the orc priest!
Your Poison Magic skill increases to level 1!
The orc wizard moves out of view.
You closely miss the orc warrior.
The orc warrior is lightly wounded.
The orc warrior hits you with a flail!!
Ouch! That really hurt!
* * * LOW HITPOINT WARNING * * *
The orc wizard casts a cantrip, but nothing happens.
An orc comes into view. It is wielding a club.
It was a potion of cancellation.
Your magical effects are unravelling.
You feel magically purged.
Your transformation has ended.
Your +0 pair of gloves unmelds from your body.
Your +0 robe unmelds from your body.
The orc warrior hits you with a flail!!
Ouch! That really hurt!
You die...

########
#....#..
#....#.#
#..<.#.#
#....#)#
###..@o#
#.##.#
.... .#
###.. .#
#.# o.
#.# ##
#.


You could see an orc warrior and an orc.

Vanquished Creatures
  An orc priest (D:3)
  5 adders (D:2)
  An ooze (D:2)
  A worm (D:2)
  3 dart slugs
  2 bats
  2 giant cockroaches
  4 goblins
  A hobgoblin (D:1)
  3 kobolds
  A quokka (D:2)
  A frilled lizard (D:1)
  6 rats
31 creatures vanquished.

Notes
Turn   | Place    | Note
-------+----------+-------------------------------------------
     0 | D:1      | Oravi the Merfolk Transmuter began the quest for the Orb.
     0 | D:1      | Reached XP level 1. HP: 15/15 MP: 3/3
   474 | D:1      | Reached XP level 2. HP: 19/21 MP: 3/5
  1335 | D:2      | Reached XP level 3. HP: 13/26 MP: 4/6
  1339 | D:2      | Learned a level 2 spell: Sticks to Snakes
  1343 | D:2      | Learned a level 3 spell: Spider Form
  1786 | D:2      | Reached XP level 4. HP: 22/32 MP: 2/7
  1936 | D:2      | Found a shattered altar of Ashenzari.
  2191 | D:2      | Found an ornate altar of the Wu Jian Council.
  2359 | D:3      | Noticed Thargor's ghost (amateur DsBe)
  2423 | D:3      | Noticed an orc warrior
  2429 | D:3      | Reached skill level 1 in Poison Magic
  2431 | D:3      | Annihilated by an orc warrior

Skill      XL: |  1  2  3  4 |
---------------+-------------+-----
Transmutations | 3 4 |  4.9
Dodging        | 3 |  3.2
Unarmed Combat | 4 |  4.1
Poison Magic   | 1 |  1.1
Fighting       | |  1.5
Spellcasting   | |  2.0

Action                   |  1- 3 |  4- 6 || total
-------------------------+-------+-------++-------
Melee: Unarmed           |    71 |    25 ||    96
       Headbutt          |     4 |     3 ||     7
       Punch             |     1 |       ||     1
 Cast: Beastly Appendage |    14 |     2 ||    16
       Spider Form       |     7 |     6 ||    13
       Sticks to Snakes  |       |     2 ||     2
  Use: Scroll            |     2 |     1 ||     3
       Potion            |       |     1 ||     1
 Stab: Sleeping          |     2 |       ||     2
  Eat: Chunk             |     4 |     4 ||     8
Armor: Robe              |    10 |     1 ||    11
       Skin              |     1 |     1 ||     2
Dodge: Dodged            |    29 |    15 ||    44
